 Dungeon Crawl Stone Soup version 0.28.0-62-gf88900778d (webtiles) character file.

Game seed: 3910675492077959583

76 mopl the Bolt Thrower (level 4, -1/38 HPs)
             Began as a Hill Orc Hunter on Dec 21, 2023.
             Slain by an ice beast (6 damage)
             ... on level 3 of the Dungeon.
             The game lasted 00:02:17 (1692 turns).

mopl the Bolt Thrower (Hill Orc Hunter)             Turns: 1692, Time: 00:02:17

Health: -1/38      AC:  6    Str: 16    XL:     4   Next: 32%
Magic:  4/4        EV: 10    Int: 11    God:
Gold:   14         SH:  0    Dex: 11    Spells: 3/3 levels left

rFire   . . .      SeeInvis .   e - +1 hand crossbow
rCold   . . .      Faith    .   (no shield)
rNeg    . . .      Spirit   .   c - +0 scale mail
rPois   .          Reflect  .   (no helmet)
rElec   .          Harm     .   (no cloak)
rCorr   .          Rampage  .   (no gloves)
Will    .....                   (no boots)
Stlth   ..........              (no amulet)
HPRegen 0.12/turn               (no ring)
MPRegen 0.09/turn               (no ring)

@: no status effects
A: no striking features
a: no special abilities


You were on level 3 of the Dungeon.
You visited 1 branch of the dungeon, and saw 3 of its levels.

You collected 42 gold pieces.
You spent 28 gold pieces at shops.

Inventory:

Hand Weapons
 a - a +0 war axe
 b - a +0 short sword
 e - a +1 hand crossbow (weapon)
Missiles
 d - 15 bolts (quivered ammo)
Armour
 c - a +0 scale mail (worn)
Scrolls
 f - 4 scrolls of identify
 g - a scroll of enchant weapon {unknown}
 i - a scroll of teleportation {unknown}
 j - a scroll of fear {unknown}
Potions
 h - a potion of curing


   Skills:
 + Level 3.1 Fighting
 + Level 1.7 Axes
 * Level 4.2 Crossbows
 + Level 1.4 Armour
 + Level 2.1 Dodging
 - Level 0.7 Stealth


You had 3 spell levels left.
You didn't know any spells.
Your spell library contained the following spells:

 Spells                   Type           Power      Damage    Failure   Level
 Summon Small Mammal      Summ           0%         N/A       78%         1
 Corpse Rot               Necr/Air       0%         N/A       89%         2
 Poisonous Vapours        Pois/Air       0%         N/A       89%         2
 Call Canine Familiar     Summ           0%         N/A       98%         3
 Gell's Gravitas          Tloc           0%         N/A       98%         3
 Lesser Beckoning         Tloc           0%         N/A       98%         3
 Summon Guardian Golem    Hex/Summ       0%         N/A       98%         3
 Teleport Other           Tloc           0%         N/A       98%         3


Dungeon Overview and Level Annotations

Branches:
Dungeon (3/15)

Altars:
Gozag

Shops:
D:2 ?(?(


Message History

Unknown command.
Unknown command.
e - a +1 hand crossbow (weapon)
The ice beast hits you but does no damage.
Fire: 20 bolts
Press: ? - help, Q - select action Shift-Dir - straight line, f - ice beast
Aim: an ice beast (lightly wounded, 64% to hit)
You shoot a bolt.
The bolt hits the ice beast but does no damage.
The ice beast is lightly wounded.
The ice beast barely misses you.
Fire: 19 bolts
Press: ? - help, Q - select action Shift-Dir - straight line, f/p - ice beast
Aim: an ice beast (lightly wounded, 64% to hit)
You shoot a bolt. The bolt hits the ice beast!
The ice beast is heavily wounded.
The ice beast barely misses you.
Fire: 18 bolts
Press: ? - help, Q - select action Shift-Dir - straight line, f/p - ice beast
Aim: an ice beast (heavily wounded, 64% to hit)
You shoot a bolt. The bolt closely misses the ice beast.
The ice beast closely misses you.
Unknown command.
Fire: 17 bolts
Press: ? - help, Q - select action Shift-Dir - straight line, f/p - ice beast
Aim: an ice beast (heavily wounded, 64% to hit)
You shoot a bolt. The bolt barely misses the ice beast.
The ice beast hits you but does no damage. x2
Unknown command.
Fire: 16 bolts
Press: ? - help, Q - select action Shift-Dir - straight line, f/p - ice beast
Aim: an ice beast (heavily wounded, 64% to hit)
You shoot a bolt. The bolt hits the ice beast.
The ice beast is heavily wounded.
The ice beast hits you. The ice beast freezes you!
* * * LOW HITPOINT WARNING * * *
It was a potion of curing.
You feel better. The ice beast hits you.
* * * LOW HITPOINT WARNING * * *
The ice beast freezes you.
You die...

.(.#...###
#..(.....#
#........#
#........#
#........#
#........# #
#..Y.....# #.###
#..@.....#
......#........#
......#.########
......#.#
........######
.............###
...####...##...##
...# #...#.....##
....#..........#


You could see an ice beast.

Vanquished Creatures
  3 adders (D:2)
  2 worms (D:2)
  2 dart slugs (D:1)
  4 ball pythons
  2 bats
  3 endoplasms (D:1)
  2 giant cockroaches
  4 goblins
  6 hobgoblins
  4 jackals (D:1)
  A quokka (D:1)
  A kobold (D:1)
  2 rats
36 creatures vanquished.

Vanquished Creatures (others)
  3 plants (D:2)
  7 withered plants (D:2)
10 creatures vanquished.

Grand Total: 46 creatures vanquished

Notes
Turn   | Place    | Note
-------+----------+-------------------------------------------
     0 | D:1      | mopl the Hill Orc Hunter began the quest for the Orb.
     0 | D:1      | Reached XP level 1. HP: 18/18 MP: 1/1
    70 | D:1      | Reached XP level 2. HP: 11/25 MP: 2/2
   430 | D:1      | Reached skill level 1 in Axes
   683 | D:1      | Reached XP level 3. HP: 30/30 MP: 3/3
   707 | D:1      | Reached skill level 1 in Armour
   802 | D:2      | Reached skill level 4 in Crossbows
   807 | D:2      | Reached skill level 2 in Dodging
   846 | D:2      | Reached skill level 3 in Fighting
  1066 | D:2      | Reached XP level 4. HP: 38/38 MP: 4/4
  1104 | D:2      | Found Bailituo's Magic Scroll Emporium.
  1107 | D:2      | Bought a scroll of identify for 28 gold pieces
  1128 | D:2      | Found Adit's Weapon Boutique.
  1152 | D:2      | Found Irepiha's Magic Scroll Shoppe.
  1264 | D:2      | Found Ypasips's Antique Weapon Shoppe.
  1302 | D:2      | Found a faded altar of an unknown god.
  1478 | D:2      | Identified the +2 hunting sling of a bailey {flame, rF+}
  1548 | D:2      | Found an opulent altar of Gozag.
  1677 | D:3      | Noticed an ice beast
  1691 | D:3      | HP: 1/38 [ice beast (13)]
  1692 | D:3      | Slain by an ice beast

Illustrated notes

Levels and vault maps discovered:
D:1:      moated_graveyard_arrival, layout_rooms, serial_park_tiny_1
D:2:      layout_basic, basic_altar, shapermc_ecumenical_altar_flowoftime,
          serial_shops, nicolae_shop_statue_plus, shop, shop,
          nicolae_shop_behind_doors
D:3:      layout_rooms

Skill      XL: |  1  2  3 |
---------------+----------+-----
Axes           | 1 |  1.7
Armour         | 1 |  1.4
Crossbows      | 4 |  4.2
Dodging        | 2 |  2.1
Fighting       | 3 |  3.1
Stealth        | |  0.7

Action                   |  1- 3 |  4- 6 || total
-------------------------+-------+-------++-------
Melee: War axe           |    63 |    49 ||   112
       Short sword       |     5 |       ||     5
       Punch             |     2 |       ||     2
 Fire: Hand crossbow     |       |     5 ||     5
  Use: Potion            |       |     1 ||     1
Armor: Leather armour    |    20 |       ||    20
       Ring mail         |     8 |       ||     8
       Scale mail        |     5 |    23 ||    28
Dodge: Dodged            |    53 |    31 ||    84
